 Dungeon Crawl Stone Soup version 0.31.0-11-ge490571c62 (webtiles) character file.

Game seed: 15164455538761169879

975 Strat the Covert (level 8, 0/46 HPs)
             Began as a Kobold Cinder Acolyte on Feb 1, 2024.
             Was a High Priest of Ignis.
             Succumbed to a water moccasin's poison
             ... on level 5 of the Dungeon.
             The game lasted 00:11:43 (5050 turns).

Strat the Covert (Kobold Cinder Acolyte)            Turns: 5050, Time: 00:11:44

Health: 0/46       AC:  4    Str: 11    XL:     8   Next: 39%
Magic:  0/9        EV: 13    Int: 16    God:    Ignis [*****.]
Gold:   250        SH:  0    Dex: 12    Spells: 7/9 levels left

rFire   + . .        a - +2 dagger (flame)
rCold   . . .        (no shield)
rNeg    . . .        i - +0 robe
rPois   .            v - +1 helmet
rElec   .            (no cloak)
rCorr   .            (no gloves)
SInv    .            (no boots)
Will    .....        (no amulet)
Stlth   +++++        h - ring of flight
HPRegen 0.27/turn    (no ring)
MPRegen 0.11/turn

%: no passive effects
@: mighty, lethally poisoned (0 -> -11), flying, very slightly contaminated,
invisible
A: small, no large weapons, nightstalker 3
a: Renounce Religion, Fiery Armour, Foxfire Swarm, Rising Flame


You were on level 5 of the Dungeon.
You worshipped Ignis.
Ignis was extremely pleased with you.
You visited 1 branch of the dungeon, and saw 5 of its levels.

You collected 250 gold pieces.

Inventory:

Hand Weapons
 a - a +2 dagger of flaming (weapon)
 b - a +0 sling
 p - a -1 short sword of flaming
Missiles
 d - 9 poisoned darts (quivered)
 l - a throwing net
Armour
 i - a +0 robe (worn)
 q - a +2 ring mail of poison resistance
 v - a +1 helmet (worn)
Jewellery
 h - a ring of flight (left hand)
 k - a +6 ring of strength
Wands
 n - a wand of flame (21)
Scrolls
 f - a scroll of fog {unknown}
 g - a scroll of enchant armour
 m - a scroll of torment {unknown}
 u - 2 scrolls of enchant weapon {unknown}
Potions
 j - 2 potions of attraction
 o - 2 potions of curing {unknown}
 r - a potion of brilliance {unknown}
 s - 2 potions of mutation
 t - a potion of haste {unknown}


   Skills:
 - Level 3.2 Fighting
 * Level 8.7 Short Blades
 + Level 9.1 Stealth
 - Level 1.1 Spellcasting
 - Level 4.0 Fire Magic


You had 7 spell levels left.
You knew the following spells:

 Your Spells              Type           Power      Damage    Failure   Level
a - Scorch                Fire           26%        2d6       7%          2

Your spell library contained the following spells:

 Spells                   Type           Power      Damage    Failure   Level
 Sandblast                Erth           0%         2d4       22%         1
 Inner Flame              Hex/Fire       7%         N/A       30%         3
 Fugue of the Fallen      Necr           0%         N/A       56%         3
 Animate Dead             Necr           0%         N/A       92%         4
 Borgnjor's Vile Clutch   Necr/Erth      0%         N/A       99%         5
 Irradiate                Conj/Alch      0%         3d11      99%         5
 Death Channel            Necr           0%         N/A       100%        6
 Plasma Beam              Fire/Air       3%         2x1d13    100%        6
 Ignition                 Fire           6%         3d4       100%        8


Dungeon Overview and Level Annotations

Branches:
Dungeon (5/15)
 Temple: D:4-7

Altars:
Ashenzari
Gozag
Hepliaklqana
The Shining One

Portals:
Abyss: D:3

Annotations:
D:3 2 transporters, Grinder; tdog's ghost, weakling SpBr
D:5 1 runed translucent door, Jokingforfun's ghost, novice AtFi


Innate Abilities, Weirdness & Mutations

You are small and have problems with some larger weapons.
You are completely attuned to the shadows.


Message History

The water moccasin poisons you!
Casting: Scorch (safe; 7% risk of failure)
Confirm with . or Enter, or press ? or * to list all spells.
Flames lash the water moccasin.
The water moccasin is burned terribly!
The water moccasin is heavily wounded.
You feel very sick. The water moccasin bites you!
* * * LOW HITPOINT WARNING * * *
You are more poisoned.
The water moccasin poisons you!
You hit the water moccasin. You burn the water moccasin.
The water moccasin is almost dead.
* * * LOW HITPOINT WARNING * * *
You feel very sick. The water moccasin misses you.
You hit the water moccasin but do no damage.
The water moccasin is almost dead.
* * * LOW HITPOINT WARNING * * *
You feel very sick. The water moccasin bites you!
* * * LOW HITPOINT WARNING * * *
You hit the water moccasin but do no damage.
The water moccasin is almost dead.
* * * LOW HITPOINT WARNING * * *
You feel very sick. The water moccasin bites you.
* * * LOW HITPOINT WARNING * * *
Unknown command.
You hit the water moccasin. You burn the water moccasin.
You kill the water moccasin!
* * * LOW HITPOINT WARNING * * *
You feel very sick.
Your Stealth skill increases to level 9!
It was a potion of might.
You feel very mighty all of a sudden.
* * * LOW HITPOINT WARNING * * *
You feel very sick.
It was a potion of invisibility.
You fade into invisibility!
You die...

...................).....>#
#...........###.#.........#
[.......#######.########.##
#.#......<......# ##.#
..#.#......###### ####..#
#.#.#......# ######....##
....#,.....####......####
#.###,.....##....##### ..#
*,.....##...@# #.#
*,.....##....# .##
*,.....##....#### .#
*,.[...##.......#
.####,..............#
....#,.........†)...#
....................#
.##.................#
######...........####


There were no monsters in sight!

Vanquished Creatures
  A water moccasin (D:5)
  A black bear (D:5)
  4 ogres
  A phantom (D:4)
  A scorpion (D:4)
  2 bombardier beetles
  3 iguanas
  2 sleepcaps
  3 gnolls (D:2)
  An adder (D:5)
  A white imp (D:5)
  4 dart slugs
  2 ribbon worms (D:2)
  An orc (D:4)
  4 bats
  6 endoplasms
  3 giant cockroaches
  8 goblins
  8 hobgoblins
  2 jackals (D:4)
  10 kobolds
  3 quokkas
  2 frilled lizards
  5 rats
78 creatures vanquished.

Notes
Turn   | Place    | Note
-------+----------+-------------------------------------------
     0 | D:1      | Strat the Kobold Cinder Acolyte began the quest for the
                  | Orb.
     0 | D:1      | Reached XP level 1. HP: 14/14 MP: 2/2
   216 | D:1      | Found a faded altar of an unknown god.
   221 | D:1      | Got Plato's Atlas of the Mantle
   236 | D:1      | Reached skill level 1 in Stealth
   298 | D:1      | Reached XP level 2. HP: 19/19 MP: 3/3
   312 | D:1      | Reached skill level 2 in Stealth
   324 | D:1      | Learned a level 2 spell: Scorch
   619 | D:1      | Reached XP level 3. HP: 22/23 MP: 4/4
   877 | D:2      | Identified the +1 trident of Conformity {vamp, rPois rF+
                  | rC+ Dex-2}
  1134 | D:2      | Reached skill level 3 in Stealth
  1340 | D:2      | Got the Compilation of Unhallowed Secrets and Feathers
  1492 | D:2      | Reached XP level 4. HP: 28/28 MP: 0/5
  1851 | D:3      | Reached skill level 4 in Stealth
  2154 | D:3      | Noticed Grinder
  2247 | D:3      | Reached skill level 5 in Short Blades
  2247 | D:3      | Reached XP level 5. HP: 32/32 MP: 6/6
  2397 | D:3      | Found a one-way gate to the infinite horrors of the Abyss.
  2397 | D:3      | Noticed tdog's ghost (weakling SpBr)
  2411 | D:3      | Found a transporter.
  2415 | D:3      | Found a transporter.
  2819 | D:4      | Reached skill level 5 in Stealth
  2974 | D:4      | Noticed an ogre
  3019 | D:4      | Noticed a phantom
  3022 | D:4      | Killed a phantom
  3023 | D:4      | Reached skill level 6 in Stealth
  3023 | D:4      | Reached XP level 6. HP: 37/37 MP: 7/7
  3253 | D:4      | Found a glowing golden altar of the Shining One.
  3494 | D:4      | Killed an ogre
  3495 | D:4      | Reached skill level 7 in Stealth
  3495 | D:4      | Reached XP level 7. HP: 41/41 MP: 8/8
  3582 | D:4      | Found a broken altar of Ashenzari.
  3591 | D:4      | Found a hazy altar of Hepliaklqana.
  3591 | D:4      | Found an opulent altar of Gozag.
  3816 | D:5      | Entered Level 5 of the Dungeon
  4005 | D:4      | Reached skill level 8 in Stealth
  4230 | D:5      | Noticed a water moccasin
  4603 | D:5      | Found a runed translucent door.
  4603 | D:5      | Noticed Jokingforfun's ghost (novice AtFi)
  4637 | D:5      | Reached XP level 8. HP: 46/46 MP: 0/9
  5049 | D:5      | Reached skill level 9 in Stealth
  5050 | D:5      | Succumbed to a water moccasin's poison

Illustrated notes

Levels and vault maps discovered:
D:1:      moated_graveyard_arrival, layout_basic,
          shapermc_ecumenical_altar_rom_forum
D:2:      layout_loops_ring
D:3:      layout_basic, gammafunk_ghost_abyssal_escape, uniq_grinder
D:4:      layout_basic, mainiacjoe_overflow_chevrons,
          gammafunk_temple_overflow_claw
D:5:      layout_basic, hellmonk_ghost_happy_afterlife

Skill      XL: |  1  2  3  4  5  6  7  8 |
---------------+-------------------------+-----
Stealth        | 1 2 3 4 6 7 8 9 |  9.1
Short Blades   | 5 6 7 8 |  8.7
Fire Magic     | 4 |  4.0
Fighting       | |  3.2
Spellcasting   | |  1.1

Action                     |  1- 3 |  4- 6 |  7- 9 || total
---------------------------+-------+-------+-------++-------
  Melee: Short sword       |    41 |       |       ||    41
         Dagger            |    16 |    49 |    17 ||    82
         Punch             |       |       |     1 ||     1
   Fire: Sling             |       |     1 |       ||     1
   Cast: Scorch            |     6 |    14 |    28 ||    48
    Use: Scroll            |       |       |     7 ||     7
         Potion            |       |       |     2 ||     2
   Stab: Sleeping          |    12 |    22 |     2 ||    36
 Armour: Robe              |    24 |    10 |    16 ||    50
  Dodge: Dodged            |    32 |    18 |    16 ||    66
